 Dungeon Crawl Stone Soup version 0.24.0-1-gfbc8707122 (webtiles) character file.

Game seed: 8935523441283751415, levelgen mode: deterministic

4014 iamserjio the Nimble (level 10, -6/63 HPs)
             Began as a Halfling Fire Elementalist on Oct 26, 2019.
             Was an Initiate of Uskayaw.
             Killed from afar by Erolcha (47 damage)
             ... with a crystal spear
             ... on level 9 of the Dungeon.
             The game lasted 00:24:29 (12993 turns).

iamserjio the Nimble (Halfling Fire Elementalist)  Turns: 12993, Time: 00:24:29

Health: -6/63      AC:  8    Str: 12    XL:     10   Next: 47%
Magic:  14/14      EV: 16    Int: 13    God:    Uskayaw [......]
Gold:   538        SH:  0    Dex: 16    Spells: 3/12 levels left

rFire    . . .     SeeInvis .   f - +0 dagger (elec)
rCold    . . .     Gourm    .   (shield restricted)
rNeg     . . .     Faith    .   r - +0 scale mail
rPois    .         Spirit   .   (no helmet)
rElec    .         Reflect  .   L - +0 cloak
rCorr    .         Harm     .   (no gloves)
MR       +....                  (no boots)
Stlth    +.........             g - amulet of rage
HPRegen  0.20/turn              b - ring of protection from magic
MPRegen  0.14/turn              (no ring)

@: about to teleport, lightly drained
A: small, mutation resistance 1
a: Renounce Religion, Evoke Berserk Rage


You were on level 9 of the Dungeon.
You worshipped Uskayaw.
Uskayaw was noncommittal.
You were not hungry.

You visited 2 branches of the dungeon, and saw 10 of its levels.
You also visited: Sewer.

You collected 538 gold pieces.

Inventory:

Hand Weapons
 f - a +0 dagger of electrocution (weapon)
 h - a +0 dagger
 k - a +0 short sword
 m - a +0 hunting sling
 P - the +6 quarterstaff of the Hidden Vale {venom, rPois MP-9 Dex+3}
   (You took it off a crimson imp on level 8 of the Dungeon)

   It poisons the flesh of those it strikes.
   It affects your dexterity (+3).
   It protects you from poison.
   It affects your magic capacity (-9).
 Q - a +0 scimitar
Missiles
 d - 77 poisoned darts (quivered)
 e - 12 javelins
 j - 325 stones
 w - 56 sling bullets
 G - 13 boomerangs
 N - 2 atropa-tipped darts
 T - a throwing net {!f}
Armour
 a - a +0 robe
 n - a +0 ring mail
 r - a +0 scale mail (worn)
 v - a -1 ring mail
 J - a +0 shield
 L - a +0 cloak (worn)
 R - a +0 chain mail of fire resistance
Jewellery
 b - a ring of protection from magic (left hand)
 g - an amulet of rage (around neck)
 l - an uncursed ring of protection from fire
 C - an uncursed ring of positive energy
 H - an uncursed amulet of magic regeneration
Scrolls
 i - 6 scrolls of remove curse {@r2}
 p - 2 scrolls of enchant armour
 q - 3 scrolls of teleportation {@r3}
 s - a scroll of blinking {unknown}
 t - 2 scrolls of noise {unknown}
 y - 3 scrolls of immolation {unknown}
 D - 2 scrolls of enchant weapon {unknown}
 E - 2 scrolls of fear {unknown}
 F - 2 scrolls of magic mapping {unknown}
 K - a scroll of fog {unknown}
 M - a scroll of random uselessness {unknown}
Potions
 o - 8 potions of curing {@q1}
 u - a potion of agility {unknown}
 x - 2 potions of might {unknown}
 z - 3 potions of cancellation {unknown}
 A - 5 potions of heal wounds {unknown}
 B - 4 potions of brilliance {unknown}
 I - a potion of flight {unknown}
 O - a potion of invisibility {unknown}
 S - a potion of lignification {unknown}
Comestibles
 c - 18 rations


   Skills:
 * Level 4.1(3.8) Fighting
 + Level 8.0(7.7) Short Blades
 - Level 0.1(1.7) Slings
 - Level 2.1(1.9) Throwing
 * Level 5.0(4.8) Armour
 + Level 9.0(8.7) Dodging
 - Level 2.1(1.9) Stealth
 - Level 1.5(1.3) Spellcasting
 - Level 0.7(0.5) Conjurations
 - Level 3.0(2.7) Fire Magic
 - Level 6.6(6.3) Invocations
 - Level 3.0(2.7) Evocations


You had 3 spell levels left.
You knew the following spells:

 Your Spells              Type           Power        Failure   Level  Hunger
a - Flame Tongue          Conj/Fire      #....        54%         1    ##.....
b - Conjure Flame         Conj/Fire      #.......     89%         3    ####...
c - Sticky Flame          Conj/Fire      #.......     100%        4    #####..
d - Confusing Touch       Hex            #.....       78%         1    ##.....

Your spell library contained the following spells:

 Spells                   Type           Power        Failure   Level  Hunger
 Throw Flame              Conj/Fire      #.....       69%         2    ###....
 Poisonous Vapours        Pois/Air       #.....       89%         2    ###....
 Inner Flame              Hex/Fire       #.......     91%         3    ####...
 Confuse                  Hex            #.......     98%         3    ####...
 Gell's Gravitas          Tloc           #.........   98%         3    ####...
 Mephitic Cloud           Conj/Pois/Air  #.......     98%         3    ####...
 Petrify                  Tmut/Erth      #.......     100%        4    #####..
 Fireball                 Conj/Fire      #.........   100%        5    ######.
 Metabolic Englaciation   Hex/Ice        #.........   100%        5    ######.
 Yara's Violent Unravell  Hex/Tmut       #.........   100%        5    ######.
 Freezing Cloud           Conj/Ice/Air   #.........   100%        6    #######
 Ring of Flames           Chrm/Fire      #.........   100%        7    #######


Dungeon Overview and Level Annotations

Branches:
Dungeon (9/15)             Temple (1/1) D:6           Sewer (visited)
   Lair: D:8-11         Orc: D:9-12

Altars:
Ashenzari
Dithmenos
Gozag
Hepliaklqana
Kikubaaqudgha
Makhleb
Okawaru
Qazlal
Ru
Sif Muna
Trog
Uskayaw
Xom
Yredelemnul
The Shining One

Annotations:
D:6 1 runed translucent door, Crazy Yiuf
D:7 1 exclusion
D:8 exclusions: ice statue, orange crystal statue and 1 more exclusion
D:9 Erolcha


Innate Abilities, Weirdness & Mutations

You are small and have problems with some larger weapons.
You are somewhat resistant to further mutation.


Message History

Eating one of 2 chunks of flesh.
You eat one of the 2 chunks of flesh.
HP restored.
All of the chunks of flesh in your inventory have rotted away.
Okay, then.
There is a stone staircase leading down here.
Okay, then.
Memorise Confusing Touch, consuming 1 spell level and leaving 3?
You start memorising the spell.
You continue memorising.
You finish memorising.
Spell assigned to 'd'.
You climb downwards.
Level annotation: Erolcha Erolcha shouts!
Erolcha hits you with a +0 giant club!! Erolcha barely misses you.
There is a stone staircase leading up, spattered with blood here.
As you read the scroll of teleportation {@r3}, it crumbles to dust.
You feel strangely unstable.
Erolcha points at you and mumbles some strange words.
The crystal spear hits you!!!
Ouch! That really hurt!
You die...

#.......#
##.######
#.# #.###
#.O.##
###..# ##.#
######'###
#...O.@..#
#....<...#
#........'.#
#.......>###
#........#
#........#
####
#........#
#..# .
####'#####
#.## ..
##Y##


You could see Erolcha.

Vanquished Creatures
  Harold (D:9)
  A hungry ghost (D:7)
  Duvessa (D:6)
  A sky beast (D:6)
  2 orc warriors
  An ogre (D:7)
  2 phantoms
  An ice beast (D:9)
  6 centaurs
  3 bullfrogs
  A gnoll sergeant (D:9)
  Dowan (D:6)
  2 water moccasin zombies
  2 scorpions
  4 wights (D:8)
  4 killer bees (D:7)
  A howler monkey (D:6)
  2 electric eels
  A bullfrog zombie (D:8)
  A crimson imp (D:8)
  A jelly (D:7)
  2 orc priests (D:8)
  A centaur skeleton (D:4)
  3 hounds
  2 bullfrog skeletons
  2 iguanas
  6 orc wizards
  A worker ant (D:9)
  A hound skeleton (D:9)
  A worker ant zombie (D:6)
  7 gnolls
  9 river rats (Sewer)
  13 adders
  An ooze (D:2)
  3 worms
  2 dart slugs (D:1)
  5 leopard geckos
  31 orcs
  5 giant cockroaches
  9 goblins
  8 hobgoblins
  10 jackals
  3 quokkas
  3 ball pythons (Sewer)
  3 bats
  4 frilled lizards
  21 kobolds
  A leopard gecko skeleton (D:7)
  24 rats
  A fungus (D:1)
  A toadstool (D:1)
222 creatures vanquished.

Vanquished Creatures (others)
  2 orcs (D:7)
  3 fungi (D:1)
  3 toadstools (D:1)
8 creatures vanquished.

Grand Total: 230 creatures vanquished

Notes
Turn   | Place    | Note
-------+----------+-------------------------------------------
     0 | D:1      | iamserjio the Halfling Fire Elementalist began the quest
                  | for the Orb.
     0 | D:1      | Reached XP level 1. HP: 11/11 MP: 3/3
   274 | D:1      | Reached XP level 2. HP: 12/18 MP: 2/4
   426 | D:1      | Reached skill level 1 in Fighting
   980 | D:1      | Reached skill level 1 in Short Blades
   980 | D:1      | Reached XP level 3. HP: 23/23 MP: 5/5
  1186 | D:1      | Learned a level 3 spell: Conjure Flame
  1529 | D:2      | Reached XP level 4. HP: 10/29 MP: 6/6
  2837 | D:3      | Reached XP level 5. HP: 33/34 MP: 7/7
  3143 | D:3      | Reached skill level 1 in Armour
  3736 | D:4      | Reached XP level 6. HP: 28/39 MP: 8/8
  3843 | D:4      | Found a shadowy altar of Dithmenos.
  4009 | D:4      | Reached skill level 5 in Short Blades
  4235 | D:4      | Learned a level 4 spell: Sticky Flame
  4236 | D:5      | Entered Level 5 of the Dungeon
  4572 | D:5      | Reached skill level 1 in Evocations
  4834 | D:5      | Reached XP level 7. HP: 33/45 MP: 9/9
  4997 | D:5      | Found a hazy altar of Hepliaklqana.
  5110 | D:5      | Found a sacrificial altar of Ru.
  5526 | D:6      | Noticed Duvessa
  5526 | D:6      | Noticed Dowan
  5582 | D:6      | Found a glowing drain.
  5734 | Sewer    | Entered a sewer
  6249 | Sewer    | Reached skill level 3 in Dodging
  6592 | Sewer    | Reached XP level 8. HP: 47/50 MP: 10/10
  7023 | D:6      | Reached skill level 1 in Throwing
  7236 | D:6      | Found a staircase to the Ecumenical Temple.
  7300 | D:6      | Reached skill level 4 in Dodging
  7589 | Temple   | Entered the Ecumenical Temple
  7604 | Temple   | Became a worshipper of Uskayaw the Reveler
  7640 | D:6      | Reached * piety under Uskayaw
  7652 | D:6      | Killed Duvessa
  7652 | D:6      | Reached ** piety under Uskayaw
  7654 | D:6      | Killed Dowan
  7783 | D:6      | Reached skill level 1 in Invocations
  7864 | D:6      | Found a runed translucent door.
  7865 | D:6      | Noticed Crazy Yiuf
  8269 | D:7      | Reached *** piety under Uskayaw
  8270 | D:7      | Reached skill level 5 in Armour
  8270 | D:7      | Reached skill level 5 in Dodging
  8270 | D:7      | Reached XP level 9. HP: 46/58 MP: 11/11
  8276 | D:7      | Reached **** piety under Uskayaw
  8526 | D:7      | Found a stormy altar of Qazlal.
  9646 | D:7      | Reached skill level 6 in Dodging
  9685 | D:7      | Found a shimmering altar of Xom.
 10444 | D:8      | Noticed an ice statue
 10516 | D:8      | Found a hazy altar of Hepliaklqana.
 10567 | D:8      | Noticed an orange crystal statue
 10681 | D:8      | Found a bloodstained altar of Trog.
 10681 | D:8      | Found an opulent altar of Gozag.
 10682 | D:8      | Found a basalt altar of Yredelemnul.
 10816 | D:8      | Found a burning altar of Makhleb.
 10841 | D:8      | Identified the +6 quarterstaff of the Hidden Vale {venom,
                  | rPois MP-9 Dex+3}
 10884 | D:8      | Reached skill level 7 in Dodging
 11082 | D:8      | Reached XP level 10. HP: 61/63 MP: 13/13
 11273 | D:8      | Reached skill level 5 in Invocations
 11459 | D:8      | Found a glowing golden altar of the Shining One.
 11642 | D:9      | Noticed Erolcha
 12032 | D:9      | Noticed Harold
 12050 | D:9      | Killed Harold
 12050 | D:9      | Reached skill level 8 in Dodging
 12471 | D:9      | Reached skill level 9 in Dodging
 12990 | D:8      | Learned a level 1 spell: Confusing Touch
 12993 | D:9      | Killed from afar by Erolcha

Levels and vault maps discovered:
D:1:      wander_arrival_estate, layout_rooms, st_stairs_3,
          chequers_serial_rivers_micro_c, minmay_gold_behind_fungi
D:2:      layout_basic, first_ration, kennysheep_another_room
D:3:      layout_rooms
D:4:      layout_basic, nicolae_overflow_crystal_walls
D:5:      layout_cave_pools, old_standard_altar, hangedman_decor_diamond_cutter,
          nicolae_ru_the_path_less_chosen
D:6:      layout_loops_ring, minmay_temple_entry_waves, gup_sewer_entry_glass,
          uniq_duvessa, uniq_crazy_yiuf_cottage
D:7:      statuecave_lemuel, layout_basic, grunt_qazlal_sundering, basic_altar
D:8:      minmay_separated_statues, layout_rooms,
          gammafunk_temple_overflow_forgotten, tso_altar,
          hangedman_feature_mirror, kennysheep_small_spiral
D:9:      layout_roguey, david_orc_5, uniq_erolcha, uniq_harold
Temple:   eino_wide_crystal_templ

Skill      XL: |  1  2  3  4  5  6  7  8  9 10 |
---------------+-------------------------------+-----
Fighting       | 1 2 4 |  4.1
Short Blades   | 1 2 3 4 5 6 8 |  8.0
Armour         | 1 2 4 5 |  5.0
Evocations     | 2 3 |  3.0
Dodging        | 3 5 7 9 |  9.0
Throwing       | 2 |  2.1
Invocations    | 1 4 6 |  6.6
Slings         | |  0.1
Stealth        | |  2.1
Spellcasting   | |  1.5
Conjurations   | |  0.7
Fire Magic     | |  3.0

Action                   |  1- 3 |  4- 6 |  7- 9 | 10-12 || total
-------------------------+-------+-------+-------+-------++-------
Melee: Unarmed           |    45 |       |       |       ||    45
       Dagger            |    55 |   208 |   593 |   120 ||   976
Throw: Dart              |    23 |     4 |    30 |    12 ||    69
 Cast: Flame Tongue      |    21 |       |       |       ||    21
Invok: Stomp             |       |       |       |     3 ||     3
 Abil: Evoke Berserk Rag |       |       |     3 |     1 ||     4
Evoke: Wand              |       |       |       |     1 ||     1
  Use: Scroll            |       |     5 |     2 |     3 ||    10
       Potion            |       |     1 |     1 |     1 ||     3
 Stab: Sleeping          |       |     1 |       |       ||     1
       Paralysed         |       |       |     2 |     4 ||     6
  Eat: Chunk             |     3 |    10 |    13 |     8 ||    34
       Ration            |       |       |     3 |       ||     3
Armor: Robe              |     8 |     3 |       |       ||    11
       Scale mail        |       |    35 |   124 |    12 ||   171
       Ring mail         |       |    10 |       |       ||    10
Dodge: Dodged            |    76 |   104 |   273 |    55 ||   508
